[Event "Titled Tuesday Blitz March 29 Early 2022"]
[White "Kaminski, Victor"]
[Black "Jeet, Jain"]
[WhiteFideId "1131630"]
[BlackFideId "5073022"]
[WhiteElo "2181"]
[BlackElo "2085"]
[Result "1/2-1/2"]
[Round "08"]
[TimeControl "180+1"]
[Date "2022.03.30"]
[WhiteClock "0:00:13"]
[BlackClock "0:00:18"]

1. e4 c6 2. Nf3 d5 3. d3 dxe4 4. dxe4 Qxd1+ 5. Kxd1 Bg4 6. Be2 Nf6 7. Nfd2 e5 8. Bxg4 Nxg4 9. Ke2 Nd7 10. f3 Ngf6 11. a4 a5 12. Rd1 h5 13. Nc4 h4 14. Nbd2 Bb4 15. c3 Be7 16. Nb3 b6 17. Be3 c5 18. Nbd2 Bd8 19. Nd6+ Ke7 20. N2c4 g6 21. Rd3 Bc7 22. Nb5 Rac8 23. Rad1 Rh5 24. Bf2 Bb8 25. Kd2 g5 26. h3 Rh6 27. Ne3 Rg6 28. Nf5+ Kd8 29. Kc2 Rc6 30. Na3 c4 31. R3d2 Ke8 32. Nd6+ Bxd6 33. Rxd6 Nh5 34. Rxg6 fxg6 35. Be3 Nf4 36. Rd2 Ke7 37. Bxf4 gxf4 38. Rd5 Ke6 39. Rb5 g5 40. Kd2 Nf6 41. Ke2 Ne8 42. Rd5 Nc7 43. Rd8 Na6 44. Re8+ Kf6 45. Rf8+ Ke7 46. Ra8 Nc5 47. Ra7+ Ke6 48. Nxc4 Nxa4 49. Kd3 b5 50. Nxa5 Rd6+ 51. Kc2 Nc5 52. Nb3 Nxb3 53. Kxb3 Rd2 54. Ra6+ Ke7 55. Rb6 Rxg2 56. Rxb5 Ke6 57. Rb6+ Kd7 58. Rg6 Rg3 59. Kc4 Rxh3 60. Rxg5 Rxf3 61. Rxe5 h3 62. Rh5 Rg3 63. b4 f3 64. Kd3 f2+ 65. Ke2 Rxc3 66. Kxf2 Rb3 67. b5 h2 68. Kg2 Rb2+ 69. Kh1 Ke7 70. Rd5 Ke6 71. Rh5 Kd6 72. Rd5+ Ke6 73. Rh5 Rb4 74. Rxh2 Rxb5 75. Re2 Ke5 76. Kg2 Rb4 77. Kf3 Rb3+ 78. Re3 Rb1 79. Re2 Rf1+ 80. Ke3 Rb1 81. Rd2 Rb3+ 82. Rd3 Rxd3+ 83. Kxd3 Ke6 84. Kd4 Kd6 85. e5+ Ke6 86. Ke4 Ke7 87. Kf4 Ke6 88. Ke4 Ke7 89. Kd5 Kd7 90. Kc5 Ke6 91. Kd4 Ke7 92. Kd5 Kd7 93. e6+ Ke7 94. Ke5 Ke8 95. Kf5 Ke7 96. Ke5 Ke8 97. Kf6 Kf8 98. Ke5 Ke7 99. Kd5 Ke8 100. Kc6 Ke7 101. Kd5 Ke8 102. Kd6 Kd8 103. e7+ Ke8 104. Ke6 1/2-1/2


[Site "https://www.chess.com"]

[Event "Titled Tuesday Blitz March 29 Early 2022"]
[White "Karavaeva, Olga"]
[Black "Prohorov, Olexandr"]
[WhiteFideId "4124111"]
[BlackFideId "14105578"]
[WhiteElo "2105"]
[BlackElo "1993"]
[Result "1-0"]
[Round "08"]
[TimeControl "180+1"]
[Date "2022.03.30"]
[WhiteClock "0:00:08"]
[BlackClock "0:00:04"]

1. c4 g6 2. Nc3 Bg7 3. g3 f5 4. Bg2 Nf6 5. e3 O-O 6. Nge2 d6 7. d4 e5 8. dxe5 dxe5 9. Nd5 e4 10. Nef4 Na6 11. O-O Ng4 12. h3 Ne5 13. Qe2 c6 14. Nc3 Nc5 15. b3 Nf3+ 16. Bxf3 Bxc3 17. Rb1 exf3 18. Qxf3 Ne4 19. Rd1 Qe7 20. h4 Bg7 21. Bb2 Bxb2 22. Rxb2 b6 23. Rd4 Bb7 24. b4 c5 25. bxc5 Nxc5 26. Qd1 Rad8 27. Rbd2 Rde8 28. Nd5 Qe5 29. h5 g5 30. f4 Qg7 31. h6 Qxh6 32. Rh2 Qg7 33. Qf3 Bxd5 34. Qxd5+ Kh8 35. fxg5 Qxg5 36. Kg2 Ne4 37. Rh3 Qxe3 38. Qd7 Ng5 39. Rxh7+ Nxh7 40. Rh4 Qe2+ 41. Kh3 Re7 42. Qd4+ Qe5 43. Qd2 f4 44. g4 Qf5 45. gxf5 Rxf5 46. Qd4+ Kg8 47. Qd8+ Kf7 48. Rxh7+ Ke6 49. Qxe7# 1-0


[Site "https://www.chess.com"]

[Event "Titled Tuesday Blitz March 29 Early 2022"]
[White "Karolczuk, Iwo"]
[Black "Jumabayev, Rinat"]
[WhiteFideId "21816972"]
[BlackFideId "13702661"]
[WhiteElo "2243"]
[BlackElo "2561"]
[Result "1-0"]
[Round "08"]
[TimeControl "180+1"]
[Date "2022.03.29"]
[WhiteClock "0:00:47"]
[BlackClock "0:00:46"]

1. e4 e6 2. Qe2 d5 3. exd5 Qxd5 4. Nc3 Qd8 5. g3 Nf6 6. Bg2 Be7 7. Nf3 c5 8. O-O Nc6 9. b3 O-O 10. Bb2 b6 11. Rad1 a5 12. Rfe1 Ba6 13. d3 Rc8 14. Ne4 Nd4 15. Qd2 a4 16. c3 Nf5 17. Ne5 Nd5 18. Qc2 axb3 19. axb3 Qc7 20. Nf3 Rfd8 21. Qc1 b5 22. Qd2 Nb6 23. Ra1 Bb7 24. Ra7 Ra8 25. Rxa8 Bxa8 26. Qe2 Bf8 27. c4 bxc4 28. bxc4 Nd7 29. Nfg5 h6 30. Nxf7 Kxf7 31. Ng5+ 1-0


[Site "https://www.chess.com"]

[Event "Titled Tuesday Blitz March 29 Early 2022"]
[White "Kostina, Nadezhda"]
[Black "Adewumi, Tanitoluwa"]
[WhiteFideId "4195876"]
[BlackFideId "30966396"]
[WhiteElo "1982"]
[BlackElo "2550"]
[Result "0-1"]
[Round "08"]
[TimeControl "180+1"]
[Date "2022.03.30"]
[WhiteClock "0:00:27"]
[BlackClock "0:00:13"]

1. e4 c6 2. d4 d5 3. e5 c5 4. dxc5 Nc6 5. f4 e6 6. Be3 d4 7. Bf2 Bxc5 8. Nf3 Nge7 9. Bd3 Nd5 10. Qc1 O-O 11. O-O f6 12. c4 Ne3 13. Re1 fxe5 14. Ng5 g6 15. Ne4 Bb4 16. Nbd2 exf4 17. a3 Be7 18. Nf3 e5 19. b4 Bg4 20. b5 Bxf3 21. bxc6 Bxe4 22. Bxe4 bxc6 23. Bxc6 Rc8 24. Bxe3 fxe3 25. Bd5+ Qxd5 26. cxd5 Rxc1 27. Raxc1 Bxa3 28. Rc7 Bb4 29. Rb1 e2 30. d6 e1=Q+ 31. Rxe1 Bxe1 32. d7 Bf2+ 33. Kf1 Bh4+ 34. Ke2 e4 35. Rc8 Bg5 0-1


[Site "https://www.chess.com"]

[Event "Titled Tuesday Blitz March 29 Early 2022"]
[White "Khripachenko, Alexander"]
[Black "Lauridsen, Jesper Morch"]
[WhiteFideId "54184975"]
[BlackFideId "1401890"]
[WhiteElo "2177"]
[BlackElo "2324"]
[Result "0-1"]
[Round "08"]
[TimeControl "180+1"]
[Date "2022.03.30"]
[WhiteClock "0:00:51"]
[BlackClock "0:00:14"]

1. e4 c5 2. Nf3 e6 3. d4 cxd4 4. Nxd4 Nc6 5. Nb5 d6 6. c4 Nf6 7. N5c3 b6 8. f3 Be7 9. Be2 O-O 10. O-O Bb7 11. Be3 Rc8 12. Qd2 Qc7 13. Na3 Rfd8 14. Rac1 Qb8 15. Rfd1 Ne5 16. Bf1 Kh8 17. h3 Ned7 18. Bf2 Qa8 19. Nab5 Nf8 20. Qe1 Ng6 21. Rd2 Ne5 22. Rcd1 Qb8 23. Bg3 Nh5 24. Bh2 Bg5 25. Rxd6 Bf4 26. Bxf4 Nxf4 27. Qg3 g5 28. Qxg5 Nxh3+ 29. gxh3 Nxf3+ 30. Kf2 Nxg5 31. e5 Rxd6 32. Nxd6 Rd8 33. h4 Rxd6 34. exd6 Ne4+ 35. Nxe4 Bxe4 36. d7 Qd8 37. c5 Bc6 38. b4 bxc5 39. bxc5 Bxd7 40. Bb5 Qxh4+ 0-1


[Site "https://www.chess.com"]

[Event "Titled Tuesday Blitz March 29 Early 2022"]
[White "Kopylov, Alexander A."]
[Black "Mihailidis, Anastasios"]
[WhiteFideId "4164857"]
[BlackFideId "4205588"]
[WhiteElo "2436"]
[BlackElo "2312"]
[Result "1-0"]
[Round "08"]
[TimeControl "180+1"]
[Date "2022.03.30"]
[WhiteClock "0:01:54"]
[BlackClock "0:01:07"]

1. e4 c5 2. Nf3 d6 3. d4 cxd4 4. Nxd4 Nf6 5. Nc3 g6 6. Be3 Bg7 7. f3 O-O 8. Qd2 Nc6 9. O-O-O d5 10. Qe1 e5 11. Nxc6 bxc6 12. exd5 cxd5 13. Bg5 d4 14. Ne4 Bf5 15. Qh4 Bxe4 16. fxe4 Qd6 17. Bc4 Rac8 18. Bb3 a5 19. a4 Qc6 20. Rd3 Nxe4 21. Be7 Bf6 22. Bxf6 Nxf6 23. Rh3 h5 24. Qg5 Kg7 25. Rf1 Rce8 26. Rhf3 Ne4 27. Rxf7+ Kh8 28. Qh6+ Kg8 29. Qg7# 1-0


[Site "https://www.chess.com"]

[Event "Titled Tuesday Blitz March 29 Early 2022"]
[White "Kostiukov, Alexandr"]
[Black "Tan, Jun Ying"]
[WhiteFideId "14108100"]
[BlackFideId "5710413"]
[WhiteElo "2202"]
[BlackElo "1827"]
[Result "0-1"]
[Round "08"]
[TimeControl "180+1"]
[Date "2022.03.30"]
[WhiteClock "0:01:00"]
[BlackClock "0:01:47"]

1. g3 d5 2. Bg2 Nf6 3. d3 c6 4. e4 e5 5. Qe2 Bd6 6. Nf3 O-O 7. O-O Re8 8. h3 Nbd7 9. b3 Nf8 10. Bb2 Ng6 11. Nbd2 h5 12. exd5 cxd5 13. c4 h4 14. Nxh4 Nxh4 15. gxh4 e4 16. cxd5 exd3 17. Qxd3 Nh5 18. Nf3 Nf4 19. Qd2 Qd7 20. Ng5 f6 21. Ne6 Nxe6 22. dxe6 Bh2+ 23. Kxh2 Qxd2 0-1


[Site "https://www.chess.com"]

[Event "Titled Tuesday Blitz March 29 Early 2022"]
[White "Krylov, Ivan"]
[Black "Fernandez Sanchez, Mario Andres"]
[WhiteFideId "24128066"]
[BlackFideId "6501621"]
[WhiteElo "2258"]
[BlackElo "2057"]
[Result "1-0"]
[Round "08"]
[TimeControl "180+1"]
[Date "2022.03.30"]
[WhiteClock "0:00:18"]
[BlackClock "0:00:46"]

1. e4 c6 2. d4 d5 3. exd5 cxd5 4. c4 Nf6 5. Nc3 Nc6 6. Nf3 Bg4 7. cxd5 Nxd5 8. Qb3 Bxf3 9. gxf3 Nxc3 10. bxc3 Qb6 11. Qxb6 axb6 12. Bc4 Rc8 13. Bd3 e5 14. dxe5 Nxe5 15. Be4 Be7 16. O-O O-O 17. Rb1 Rxc3 18. Bb2 Rc5 19. Bd4 Ra5 20. Rxb6 Bf6 21. Rxb7 Rxa2 22. Bc5 Re8 23. f4 Nd7 24. Bxh7+ Kxh7 25. Rxd7 Kg6 26. Be3 Rd8 27. Rxd8 Bxd8 28. Rd1 Bf6 29. Kg2 Kf5 30. Rd5+ Ke6 31. Rb5 Ra6 32. Rb6+ Kf5 33. Rxa6 1-0


[Site "https://www.chess.com"]

[Event "Titled Tuesday Blitz March 29 Early 2022"]
[White "Krysa, Leandro"]
[Black "Pein, Jonathan"]
[WhiteFideId "116807"]
[BlackFideId "417092"]
[WhiteElo "2490"]
[BlackElo "2140"]
[Result "1-0"]
[Round "08"]
[TimeControl "180+1"]
[Date "2022.03.30"]
[WhiteClock "0:00:44"]
[BlackClock "0:00:12"]

1. e4 e5 2. Nf3 d6 3. d4 exd4 4. Nxd4 Nf6 5. Nc3 g6 6. g3 Bg7 7. Bg2 O-O 8. O-O Re8 9. Re1 Bd7 10. h3 Nc6 11. Nb3 a5 12. a4 Nb4 13. Kh2 Bc6 14. Nd4 d5 15. e5 Nd7 16. f4 Nf8 17. Be3 f6 18. Nxc6 bxc6 19. Bd4 fxe5 20. Bxe5 Bxe5 21. Rxe5 Rxe5 22. fxe5 Ne6 23. Qg4 Qe7 24. Rf1 Rf8 25. Rxf8+ Nxf8 26. Qe2 Qe6 27. h4 Nd7 28. Bh3 Qe7 29. e6 Nf6 30. b3 Kf8 31. Nd1 Ne4 32. c3 Ke8 33. cxb4 Qxb4 34. Qe3 Ke7 35. Nf2 Nf6 36. Nd3 Qxb3 37. Qc5+ Ke8 38. Qxc6+ Ke7 39. Qxc7+ 1-0


[Site "https://www.chess.com"]

[Event "Titled Tuesday Blitz March 29 Early 2022"]
[White "Legenia, Artem"]
[Black "Sanchez Alvares, Kelvin Antonio"]
[WhiteFideId "14136945"]
[BlackFideId "3906680"]
[WhiteElo "1936"]
[BlackElo "2193"]
[Result "1/2-1/2"]
[Round "08"]
[TimeControl "180+1"]
[Date "2022.03.30"]
[WhiteClock "0:00:12"]
[BlackClock "0:00:03"]

1. Nf3 d5 2. c4 c6 3. g3 Nf6 4. cxd5 cxd5 5. Bg2 Nc6 6. d4 Bf5 7. O-O e6 8. Nc3 Be7 9. Ne5 Rc8 10. Bg5 Nxe5 11. dxe5 Nd7 12. Bxe7 Qxe7 13. f4 O-O 14. e4 dxe4 15. Nxe4 Bxe4 16. Bxe4 Nc5 17. Bf3 Rfd8 18. Qe2 Nd3 19. Rfd1 Qc5+ 20. Kg2 Qc2 21. Qxc2 Rxc2+ 22. Kg1 Rcc8 23. Rd2 Nc5 24. Rad1 Rxd2 25. Rxd2 a5 26. Kf2 Kf8 27. Ke3 Ke7 28. b3 Rd8 29. Rxd8 Kxd8 30. Kd4 b6 31. Kc4 Kc7 32. a3 f6 33. exf6 gxf6 34. b4 axb4 35. axb4 Nd7 36. Be4 h6 37. Bg6 Kc6 38. Be8 Kd6 39. Kb5 e5 40. fxe5+ fxe5 41. Bg6 Kc7 42. g4 Nf6 43. Bf5 Nd5 44. h4 Ne3 45. Be6 Nc2 46. Kc4 Kd6 47. Bf7 Nd4 48. g5 hxg5 49. hxg5 b5+ 50. Kd3 Nc6 51. Be8 Nxb4+ 52. Ke4 Nd5 53. Kd3 b4 54. g6 Nf4+ 55. Kc4 Ne6 56. Kxb4 Ng7 57. Bf7 e4 58. Kc3 Ke5 59. Kd2 Kf4 60. Ke2 e3 61. Bd5 Nf5 62. Bb7 Kg5 63. Be4 Kxg6 64. Bxf5+ Kf6 65. Kxe3 1/2-1/2


[Site "https://www.chess.com"]

[Event "Titled Tuesday Blitz March 29 Early 2022"]
[White "Lehtosaari, Mauri"]
[Black "Lagunov, Evgenij"]
[WhiteFideId "501999"]
[BlackFideId "4125363"]
[WhiteElo "2503"]
[BlackElo "2200"]
[Result "0-1"]
[Round "08"]
[TimeControl "180+1"]
[Date "2022.03.30"]
[WhiteClock "0:00:16"]
[BlackClock "0:00:58"]

1. d4 Nf6 2. Nf3 e6 3. Bg5 h6 4. Bh4 d5 5. Nbd2 Be7 6. e3 Ne4 7. Bxe7 Qxe7 8. Nxe4 dxe4 9. Nd2 f5 10. Bc4 O-O 11. O-O Nd7 12. f3 exf3 13. Nxf3 Kh7 14. Qd3 e5 15. e4 f4 16. c3 a6 17. a4 c5 18. Bd5 cxd4 19. cxd4 exd4 20. e5+ Kh8 21. e6 Nc5 22. Qc4 Bxe6 23. Bxe6 Nxe6 24. Rae1 Rae8 25. Ne5 Qg5 26. h4 Qf5 27. h5 Kh7 28. Ng6 Rf6 29. Re5 Qg4 30. Qd3 Kg8 31. Rfe1 f3 0-1


[Site "https://www.chess.com"]

[Event "Titled Tuesday Blitz March 29 Early 2022"]
[White "Liyanage, Ranindu Dilshan"]
[Black "Fiol, Fabrice"]
[WhiteFideId "9915834"]
[BlackFideId "611670"]
[WhiteElo "1858"]
[BlackElo "2434"]
[Result "1-0"]
[Round "08"]
[TimeControl "180+1"]
[Date "2022.03.30"]
[WhiteClock "0:01:48"]
[BlackClock "0:00:04"]

1. h4 d5 2. h5 h6 3. d4 c5 4. c3 Nc6 5. Bf4 Bf5 6. e3 e6 7. Nf3 Qb6 8. Na3 a6 9. Qb3 Qxb3 10. axb3 Rc8 11. dxc5 Bxc5 12. b4 Bb6 13. b5 axb5 14. Nxb5 Kd7 15. Nd6 Rf8 16. Nxb7 f6 17. Bd6 Re8 18. Bb5 e5 19. Ra6 Ne7 20. Rxb6 Ra8 21. O-O Rhc8 22. Bxe7 Kc7 23. Rxc6+ Kxb7 24. Rxc8 Rxc8 25. Rd1 d4 26. cxd4 e4 27. Nh4 Be6 28. d5 Bf7 29. d6 Bxh5 30. d7 Bxd1 31. Ba6+ Kxa6 32. dxc8=Q+ Kb5 33. Qc5+ Ka6 34. Bd8 Kb7 35. Qc7+ Ka8 36. Qb6 g5 37. Bc7 1-0


[Site "https://www.chess.com"]

[Event "Titled Tuesday Blitz March 29 Early 2022"]
[White "Maghsoodloo, Parham"]
[Black "Oganian, Miran"]
[WhiteFideId "12539929"]
[BlackFideId "4122488"]
[WhiteElo "2630"]
[BlackElo "2357"]
[Result "1-0"]
[Round "08"]
[TimeControl "180+1"]
[Date "2022.03.29"]
[WhiteClock "0:01:21"]
[BlackClock "0:00:06"]

1. e4 e6 2. d4 d5 3. e5 c5 4. c3 Nc6 5. Nf3 Nh6 6. a3 Nf5 7. dxc5 Bxc5 8. Bd3 Nh4 9. Nxh4 Qxh4 10. g3 Qh3 11. Qe2 Qg2 12. Rf1 Qxh2 13. Nd2 Bd7 14. Nf3 Qh5 15. Be3 Bxe3 16. Qxe3 Qg4 17. Rh1 Qa4 18. Rh4 Qb3 19. Qe2 h6 20. Rb4 Nxb4 21. axb4 O-O 22. Nd4 Qa4 23. Rxa4 Bxa4 24. Qh5 a5 25. g4 axb4 26. g5 bxc3 27. gxh6 g6 28. Bxg6 Kh8 29. Bd3 c2 30. Qg5 f6 31. Qg7# 1-0


[Site "https://www.chess.com"]

[Event "Titled Tuesday Blitz March 29 Early 2022"]
[White "Majdan, Joanna"]
[Black "Postnikov, Daniil"]
[WhiteFideId "1121979"]
[BlackFideId "4166329"]
[WhiteElo "2234"]
[BlackElo "2261"]
[Result "1/2-1/2"]
[Round "08"]
[TimeControl "180+1"]
[Date "2022.03.30"]
[WhiteClock "0:00:08"]
[BlackClock "0:00:04"]

1. e4 e6 2. d4 d5 3. Nc3 Bb4 4. Ne2 dxe4 5. a3 Be7 6. Nxe4 Nf6 7. Nxf6+ Bxf6 8. Be3 b6 9. Rg1 Bb7 10. g4 Nd7 11. g5 Be7 12. h4 c5 13. Qd2 O-O 14. Bg2 Bxg2 15. Rxg2 cxd4 16. Bxd4 e5 17. Bc3 f6 18. O-O-O Nc5 19. Qe3 Qc7 20. h5 Na4 21. gxf6 Bxf6 22. Bb4 Rfd8 23. Rdg1 e4 24. Rxg7+ Qxg7 25. Rxg7+ Kxg7 26. Bc3 Nxc3 27. Nxc3 Bxc3 28. Qxc3+ Kh6 29. Qf6+ Kxh5 30. Qf5+ Kh6 31. Qxe4 Rf8 32. Qg2 Rae8 33. b4 Rg8 34. Qh3+ Kg7 35. f4 Rgf8 36. Qg4+ Kh8 37. Qh5 Re7 38. f5 Ref7 39. f6 Rxf6 40. Qe5 Kg8 41. Qg5+ Kf7 42. Qh5+ Kg7 43. Qg5+ Rg6 44. Qe5+ Kg8 45. a4 Rg7 46. a5 Rgf7 47. Qg5+ Rg7 48. Qd5+ Kh8 49. axb6 axb6 50. b5 Rg6 51. Qe5+ Kg8 52. Qd5+ Kh8 53. Qe5+ Kg8 54. Qd5+ Kh8 1/2-1/2


[Site "https://www.chess.com"]

[Event "Titled Tuesday Blitz March 29 Early 2022"]
[White "Manukyan, Sargis A."]
[Black "Rustemov, Alexander"]
[WhiteFideId "13303970"]
[BlackFideId "4119002"]
[WhiteElo "2187"]
[BlackElo "2761"]
[Result "1-0"]
[Round "08"]
[TimeControl "180+1"]
[Date "2022.03.29"]
[WhiteClock "0:00:05"]
[BlackClock "0:00:03"]

1. d4 d5 2. c4 dxc4 3. e4 Nf6 4. e5 Nd5 5. Bxc4 Nb6 6. Bb3 Nc6 7. Ne2 Bf5 8. Nbc3 e6 9. O-O Be7 10. Be3 Na5 11. Bc2 Bxc2 12. Qxc2 Nc6 13. Rfd1 Nb4 14. Qe4 N4d5 15. Nf4 c6 16. Ncxd5 Nxd5 17. Nxd5 Qxd5 18. Qxd5 cxd5 19. Rdc1 Kd7 20. Kf1 Rhc8 21. Ke2 Rc6 22. Kd3 Ra6 23. Rc2 Rc8 24. Rxc8 Kxc8 25. Rc1+ Kd7 26. a3 h5 27. Bd2 Rb6 28. Rc2 Rb3+ 29. Bc3 a5 30. Rc1 a4 31. Kc2 b5 32. Ra1 f6 33. f4 Ke8 34. g3 Kf7 35. h3 Kg6 36. g4 hxg4 37. hxg4 f5 38. g5 Kh5 39. Rh1+ Kg4 40. Rh7 b4 41. axb4 Bxb4 42. Rxg7 Kxf4 43. g6 Bxc3 44. bxc3 Rb8 45. Re7 Ke3 46. Rxe6 f4 47. Rf6 f3 48. e6 a3 49. e7 a2 50. Re6+ Kf4 51. Rf6+ Kg4 52. Rf8 a1=Q 53. Rxb8 Qa2+ 54. Kc1 Qa3+ 55. Kc2 Qa2+ 56. Rb2 Qa4+ 57. Rb3 Qe8 58. g7 f2 59. Rb1 Kf3 60. Rf1 Kg2 61. Rxf2+ Kxf2 62. c4 Ke3 63. cxd5 Kxd4 64. d6 Kd5 65. d7 Qxd7 66. g8=Q+ Kc5 67. e8=Q Qd3+ 68. Kxd3 1-0


[Site "https://www.chess.com"]

[Event "Titled Tuesday Blitz March 29 Early 2022"]
[White "Marcziter, Dmitrii"]
[Black "Kouskoutis, Georgios-Alexandros"]
[WhiteFideId "13900765"]
[BlackFideId "4234049"]
[WhiteElo "2155"]
[BlackElo "2130"]
[Result "1/2-1/2"]
[Round "08"]
[TimeControl "180+1"]
[Date "2022.03.30"]
[WhiteClock "0:00:24"]
[BlackClock "0:00:10"]

1. d4 Nf6 2. Nf3 d5 3. c4 e6 4. Nc3 Be7 5. Bg5 dxc4 6. e3 a6 7. a4 c5 8. Bxc4 cxd4 9. exd4 Nc6 10. O-O O-O 11. Qd3 b6 12. Rad1 Bb7 13. Qe2 Nb4 14. Ne5 Nfd5 15. Bc1 Rc8 16. Bd2 Nxc3 17. bxc3 Nd5 18. Rc1 Bd6 19. f4 f6 20. Ng4 Qd7 21. Bb3 h5 22. Nf2 Bxf4 23. c4 Bxd2 24. Qxd2 Nc7 25. Rfd1 Rcd8 26. Qe2 Qf7 27. Ne4 Bxe4 28. Qxe4 f5 29. Qe5 Rd7 30. c5 bxc5 31. dxc5 Rfd8 32. Rxd7 Rxd7 33. Re1 Qf6 34. Bxe6+ Nxe6 35. Qxe6+ Qxe6 36. Rxe6 Rd5 37. Rc6 Rd1+ 38. Kf2 Rc1 39. Kf3 Rc4 40. a5 Kh7 41. Ke3 g5 42. Kd3 Rc1 43. Kd4 h4 44. Rxa6 g4 45. Rf6 Rc2 46. a6 Rxg2 47. a7 Ra2 48. Rf7+ Kg6 49. Rb7 g3 50. hxg3 hxg3 51. c6 g2 52. Rb1 Rxa7 53. Kd5 f4 54. Ke4 Kg5 55. Kf3 Rc7 56. Rc1 g1=Q 57. Rxg1+ Kf5 58. Rc1 Ke5 59. Rc2 Kd6 60. Kxf4 Rxc6 61. Rd2+ Kc7 62. Rf2 Rd6 63. Ke3 Re6+ 64. Kd4 Rd6+ 65. Kc5 Rc6+ 66. Kb5 Rb6+ 67. Ka5 Rd6 68. Rc2+ Kb7 69. Rh2 Rd5+ 70. Kb4 Kc6 71. Kc4 Rc5+ 72. Kd4 Rd5+ 73. Ke4 Rd7 74. Rc2+ Kb6 75. Rb2+ Kc7 76. Rc2+ Kd8 77. Ke5 Re7+ 78. Kd6 Rd7+ 79. Ke6 Re7+ 80. Kd6 Rd7+ 81. Ke6 Re7+ 82. Kd6 1/2-1/2


[Site "https://www.chess.com"]

[Event "Titled Tuesday Blitz March 29 Early 2022"]
[White "Martin Carmona, Gaston Manuel"]
[Black "Sanchez, Robert"]
[WhiteFideId "22284567"]
[BlackFideId "2034360"]
[WhiteElo "2161"]
[BlackElo "2277"]
[Result "1-0"]
[Round "08"]
[TimeControl "180+1"]
[Date "2022.03.30"]
[WhiteClock "0:01:34"]
[BlackClock "0:02:29"]

1. c4 g6 2. g3 Bg7 3. Bg2 Nf6 4. Nc3 d6 5. e4 O-O 6. Nge2 Nc6 7. d4 e5 8. d5 Ne7 9. h3 Nd7 10. O-O f5 11. exf5 Nxf5 12. Ne4 a5 13. Bg5 Qe8 14. N2c3 Nd4 15. Be3 Nf6 16. Nxf6+ Bxf6 17. Bxd4 exd4 18. Nb5 Qf7 19. Nxd4 a4 20. Qd2 a3 21. b3 Bd7 22. Ne6 Bxa1 23. Nxf8 Rxf8 24. Rxa1 Qf6 25. Re1 Qb2 26. Qxb2 axb2 27. Rb1 1-0


[Site "https://www.chess.com"]

[Event "Titled Tuesday Blitz March 29 Early 2022"]
[White "Martin Duque, Jesus"]
[Black "Zhigalko, Sergei"]
[WhiteFideId "2208954"]
[BlackFideId "13502956"]
[WhiteElo "2243"]
[BlackElo "2662"]
[Result "0-1"]
[Round "08"]
[TimeControl "180+1"]
[Date "2022.03.29"]
[WhiteClock "0:01:29"]
[BlackClock "0:00:38"]

1. Nf3 d5 2. b3 Bg4 3. e3 Nd7 4. Bb2 Ngf6 5. h3 Bh5 6. d3 e6 7. g4 Bg6 8. Nh4 a5 9. a3 c5 10. Nd2 Qb6 11. Bg2 a4 12. Qe2 axb3 13. cxb3 Qa6 14. Nxg6 hxg6 15. O-O Bd6 16. b4 O-O 17. bxc5 Nxc5 18. Bxf6 gxf6 19. Rfb1 Qxd3 20. Qxd3 Nxd3 21. Rxb7 Be5 22. Ra2 Rfc8 23. Bf1 Nc1 24. Rab2 Bxb2 25. Rxb2 Rxa3 26. Kg2 Ra2 27. Rxa2 Nxa2 28. Nf3 Nb4 29. Bb5 Kg7 30. Kg3 Rc2 31. h4 Rb2 32. Bf1 Nc6 33. Ba6 Ne5 34. Nd4 f5 35. g5 Nc4 36. Bc8 Nd6 37. Bd7 Ne4+ 38. Kf4 Nxf2 39. h5 Nd3+ 40. Kg3 gxh5 41. Nf3 Nc5 42. Bc8 Rb8 0-1


[Site "https://www.chess.com"]

[Event "Titled Tuesday Blitz March 29 Early 2022"]
[White "Martin, Lewis"]
[Black "parintele_chess"]
[WhiteFideId "410551"]
[WhiteElo "2145"]
[BlackElo "2248"]
[Result "1/2-1/2"]
[Round "08"]
[TimeControl "180+1"]
[Date "2022.03.30"]
[WhiteClock "0:00:13"]
[BlackClock "0:00:04"]

1. e4 c6 2. d4 d5 3. Nc3 dxe4 4. Nxe4 Nf6 5. Nxf6+ gxf6 6. c3 Bf5 7. Bd3 Bxd3 8. Qxd3 e6 9. Bf4 Bd6 10. Ne2 Bxf4 11. Nxf4 Qd6 12. Qe3 Nd7 13. O-O-O O-O-O 14. g3 Nb6 15. Qe2 Nd5 16. Nd3 b6 17. f4 Kb7 18. Rhe1 h5 19. a3 h4 20. f5 exf5 21. c4 Nc7 22. Nf4 hxg3 23. hxg3 Rhe8 24. c5 Rxe2 25. cxd6 Rxe1 26. Rxe1 Rxd6 27. Re7 Rxd4 28. Rxf7 Rd6 29. Nh5 Kc8 30. Nxf6 Rd3 31. Nh5 Rd5 32. Ng7 Kb8 33. Nxf5 Ne6 34. g4 Nd4 35. Ne3 Rg5 36. Kd2 c5 37. b4 cxb4 38. axb4 Nc6 39. Kc3 Ne5 40. Rf4 a5 41. bxa5 bxa5 42. Kb3 Kc7 43. Ka4 Kd6 44. Rd4+ Ke6 45. Re4 Kf6 46. Nd5+ Kg6 47. Ne3 Kf6 48. Rf4+ Kg6 49. Re4 Kf6 1/2-1/2


[Site "https://www.chess.com"]

[Event "Titled Tuesday Blitz March 29 Early 2022"]
[White "Martinez Alcantara, Jose Eduardo"]
[Black "Matlakov, Maxim"]
[WhiteFideId "3805662"]
[BlackFideId "4168003"]
[WhiteElo "2690"]
[BlackElo "2669"]
[Result "1-0"]
[Round "08"]
[TimeControl "180+1"]
[Date "2022.03.29"]
[WhiteClock "0:00:20"]
[BlackClock "0:00:34"]

1. e4 c5 2. Nf3 d6 3. Bb5+ Nd7 4. O-O a6 5. Bxd7+ Bxd7 6. c3 Nf6 7. Re1 Bc6 8. d4 Bxe4 9. Bg5 Bxb1 10. Rxb1 e6 11. Qb3 Be7 12. dxc5 dxc5 13. Qxb7 Qc8 14. Qb3 O-O 15. Ne5 h6 16. Bh4 Nd5 17. Bg3 Rd8 18. Nc4 Qc6 19. a4 h5 20. h3 h4 21. Bh2 Bg5 22. Ne5 Qc7 23. Qc4 Qb6 24. Nf3 Bf6 25. Nxh4 Qc6 26. a5 Qb5 27. Qg4 Qxa5 28. Nf3 Qb5 29. c4 Qb3 30. cxd5 Rxd5 31. Be5 Bxe5 32. Nxe5 a5 33. Qf3 Qb7 34. Nc4 a4 35. Rbc1 Qb4 36. Re4 Rad8 37. Ne5 Qxb2 38. Qxf7+ 1-0


[Site "https://www.chess.com"]

[Event "Titled Tuesday Blitz March 29 Early 2022"]
[White "Maung, Maung Kyaw Zaw Hein"]
[Black "Pajeken, Jakob Leon"]
[WhiteFideId "13001698"]
[BlackFideId "12942839"]
[WhiteElo "1785"]
[BlackElo "2351"]
[Result "1/2-1/2"]
[Round "08"]
[TimeControl "180+1"]
[Date "2022.03.30"]
[WhiteClock "0:00:22"]
[BlackClock "0:01:38"]

1. Nf3 d5 2. d4 Nf6 3. c4 dxc4 4. e3 e6 5. Bxc4 c5 6. O-O Nc6 7. dxc5 Qc7 8. a3 Bxc5 9. b4 Bd6 10. Bb2 O-O 11. Qb3 a5 12. b5 a4 13. Qc3 Na5 14. Nbd2 Nxc4 15. Nxc4 b6 16. Nxd6 Qxd6 17. Rfd1 Qe7 18. Ne5 Bb7 19. Nd7 Rfc8 20. Nxf6+ gxf6 21. Qxf6 Qxf6 22. Bxf6 Bd5 23. Rdc1 Kf8 24. Bd4 Ke8 25. f3 f5 26. Kf2 Kd7 27. Bxb6 Rxc1 28. Rxc1 Rb8 29. Bc5 Rxb5 30. Bb4 e5 31. Rd1 Ke6 32. Rc1 e4 33. fxe4 Bxe4 34. Rc7 Rb7 35. Rxb7 Bxb7 36. h3 h5 37. g3 Kf6 38. Bc5 Kg6 39. Bd6 Bd5 40. Ke2 Bg2 41. h4 Bh3 42. Bf4 Bg4+ 43. Kd2 Kf7 44. Kc2 Ke6 45. Kc3 Kd5 46. Kb4 Bd1 47. Kc3 Ke4 1/2-1/2


[Site "https://www.chess.com"]

[Event "Titled Tuesday Blitz March 29 Early 2022"]
[White "Melikhov, Evgeny V."]
[Black "Ljukin, Sergei"]
[WhiteFideId "4122046"]
[BlackFideId "14102200"]
[WhiteElo "1945"]
[BlackElo "2312"]
[Result "0-1"]
[Round "08"]
[TimeControl "180+1"]
[Date "2022.03.30"]
[WhiteClock "0:00:38"]
[BlackClock "0:00:53"]

1. d4 d5 2. c4 c6 3. Nc3 Nf6 4. e3 e6 5. Nf3 Nbd7 6. Bd3 dxc4 7. Bxc4 b5 8. Bd3 a6 9. e4 c5 10. d5 c4 11. Bc2 Bb7 12. O-O e5 13. a4 b4 14. Ne2 a5 15. Ng3 g6 16. Bg5 h6 17. Bxf6 Qxf6 18. b3 c3 19. Bd3 Bd6 20. Bb5 Qe7 21. Ne1 O-O 22. Bxd7 Qxd7 23. Nc2 f5 24. exf5 gxf5 25. Qh5 Kh7 26. Rad1 Qf7 27. Qe2 Ba6 28. Qf3 Bxf1 29. Nxf1 Rad8 30. Qd3 Rd7 31. Qb5 Bc7 32. Nfe3 Rfd8 33. g3 f4 34. Qd3+ Qg6 35. Qxg6+ Kxg6 36. Nc4 Rxd5 37. Re1 Rd1 38. Kg2 Rxe1 39. Nxe1 Rd1 40. Nc2 Rc1 0-1


[Site "https://www.chess.com"]